 Dungeon Crawl Stone Soup version 0.32-a0-814-g0968bab981 (webtiles) character file.

Game seed: 2311407824898448674

565642 Cloudthresher the Slayer (level 25, -1/198 (240) HPs)
             Began as a White Draconian Ice Elementalist on Mar 22, 2024.
             Was the Champion of Vehumet.
             Killed from afar by a shadow dragon (24 damage)
             ... with a bolt of negative energy
             ... on level 2 of the Depths.
             The game lasted 02:26:43 (77705 turns).

Cloudthresher the Slayer (DrIE)                    Turns: 77705, Time: 02:26:43

HP:   -1/198 (240)  AC: 22    Str: 10    XL:     25   Next: 98%
MP:   7/45          EV: 19    Int: 24    God:    Vehumet [******]
Gold: 2123          SH: 13    Dex: 18    Spells: 16/60 levels left

rFire   + . .        T - +8 trident of the Octopus King {venom, rElec rPois}
rCold   + + .        R - +0 kite shield of Zuceomm {Regen+ Stlth+}
rNeg    . . .        (body armour unavailable)
rPois   +            O - +0 hat
rElec   +            d - +0 cloak
rCorr   .            Z - +2 pair of gloves of Vumigg {*Slow rC+ Will+ SInv}
SInv    +            m - +1 pair of boots
Will    +++..        C - amulet of magic regeneration
Stlth   ++++         x - +4 ring of protection
HPRegen 1.33/turn    q - ring of protection from fire
MPRegen 0.69/turn

%: slow self (1%)
@: very slightly contaminated, heavily drained
A: glacial breath, AC +12, unfitting armour, cold resistance 1, cold-blooded,
fangs 1, agile 1, strong-willed 1
}: 2/15 runes: decaying, serpentine
a: Glacial Breath, Renounce Religion


You were on level 2 of the Depths.
You worshipped Vehumet.
Vehumet was exalted by your worship.
You visited 9 branches of the dungeon, and saw 41 of its levels.
You visited the Abyss 2 times.
You visited 1 ziggurat, and saw 11 of its levels.
You also visited: Ossuary, Bailey and Wizlab.

You collected 6866 gold pieces.
You spent 4743 gold pieces at shops.

Inventory:

Hand Weapons
 H - the +8 longbow "Zephyr" {speed, Dex+3 SInv}
   (You found it on level 4 of a ziggurat)

   Dex+3:     It affects your dexterity (+3).
   SInv:      It lets you see invisible.
 T - the +8 trident of the Octopus King (weapon) {venom, rElec rPois}
   (You found it on level 11 of the Dungeon)

   rElec:     It insulates you from electricity.
   rPois:     It protects you from poison.
 U - a +6 broad axe
Missiles
 M - 4 throwing nets
Armour
 d - a +0 cloak (worn)
 m - a +1 pair of boots (worn)
 u - the +0 buckler "Rybec" {rCorr Str-5 Int+3}
   (You acquired it in an ossuary)

   Str-5:     It affects your strength (-5).
   Int+3:     It affects your intelligence (+3).
   rCorr:     It protects you from acid and corrosion.
 O - a +0 hat (worn)
 R - the +0 kite shield of Zuceomm (worn) {Regen+ Stlth+}
   (You acquired it on level 4 of a ziggurat)

   Regen+:    It increases your rate of health regeneration.
   Stlth+:    It makes you more stealthy.
 Z - the +2 pair of gloves of Vumigg (worn) {*Slow rC+ Will+ SInv}
   (You found it on level 3 of the Lair of Beasts)

   rC+:       It protects you from cold.
   Will+:     It increases your willpower.
   SInv:      It lets you see invisible.
   *Slow:     It may slow you when you take damage.
Magical Staves
 S - a staff of cold {rC+ !a}
Jewellery
 i - the ring "Xoyvyago" {rN++ AC+4 Dex-2}
   (You found it on level 8 of a ziggurat)

   [ring of protection]

   AC+4:      It affects your AC (+4).
   Dex-2:     It affects your dexterity (-2).
   rN++:      It greatly protects you from negative energy.
 l - the ring of Juesegy {rPois Will+ SInv}
   (You found it on level 5 of a ziggurat)

   [ring of poison resistance]

   rPois:     It protects you from poison.
   Will+:     It increases your willpower.
   SInv:      It lets you see invisible.
 q - a ring of protection from fire (right hand)
 x - a +4 ring of protection (left hand)
 y - the amulet "Trusted Companion" {Spirit rF- rN+++ Slay-6 SInv}
   (You acquired it on level 4 of the Snake Pit)

   [amulet of guardian spirit]

   Spirit:    It causes incoming damage to be divided between your reserves of
   health and magic.
   Slay-6:    It affects your accuracy & damage with ranged weapons and melee
   (-6).
   rF-:       It makes you vulnerable to fire.
   rN+++:     It renders you almost immune to negative energy.
   SInv:      It lets you see invisible.
 C - an amulet of magic regeneration (around neck)
 K - the amulet "Jigaajew" {Reflect Int+3 SH+5}
   (You took it off a deep elf annihilator on level 3 of the Elven Halls)

   [amulet of reflection]

   Reflect:   It reflects blocked missile attacks.
   Int+3:     It affects your intelligence (+3).
   SH+5:      It affects your SH (+5).
 Q - a ring of resist corrosion
 W - a ring of magical power
 X - a ring of wizardry
Wands
 c - a wand of light (30)
 v - a wand of digging (1)
 L - a wand of warping (25)
Scrolls
 b - 28 scrolls of teleportation {@r3}
 e - 11 scrolls of fog {@r2}
 f - 9 scrolls of poison
 g - 14 scrolls of enchant weapon
 j - 7 scrolls of fear
 n - 11 scrolls of immolation
 p - 7 scrolls of amnesia
 r - 2 scrolls of blinking {@r4}
 z - 8 scrolls of revelation {@r5}
 J - 8 scrolls of vulnerability {!r}
 Y - 9 scrolls of enchant armour
Potions
 a - 6 potions of magic
 h - 5 potions of ambrosia
 k - 13 potions of curing {@q2}
 o - 4 potions of berserk rage
 s - 10 potions of haste {@q5}
 t - 3 potions of heal wounds {@q1}
 w - 9 potions of might {@q3}
 A - 3 potions of resistance
 B - 6 potions of attraction
 D - 10 potions of enlightenment
 E - 7 potions of invisibility
 G - 10 potions of mutation
 I - 6 potions of lignification
 N - 9 potions of brilliance
 P - 6 potions of cancellation
Miscellaneous
 V - a condenser vane


   Skills:
 + Level 22.9 Fighting
 + Level 14.5 Dodging
 - Level 6.0 Stealth
 + Level 13.8 Shields
 - Level 18.0 Spellcasting
 - Level 15.0 Conjurations
 - Level 10.0 Summonings
 - Level 8.0 Necromancy
 * Level 1.5 Translocations
 - Level 19.3 Ice Magic
 - Level 15.0 Earth Magic
 - Level 6.0 Alchemy


You had 16 spell levels left.
You knew the following spells:

 Your Spells              Type           Power      Damage    Failure   Level
a - Sculpt Simulacrum     Ice/Alch       35%        N/A       4%          6
b - Bombard               Conj/Erth      38%        9d7       1%          6
c - Permafrost Eruption   Ice/Erth       40%        2x4d12    1%          6
f - Freezing Cloud        Conj/Ice/Air   33%        6-21      1%          5
o - Ozocubu's Refrigerat  Ice            42%        4d16      1%          7
r - Ozocubu's Armour      Ice            85%        N/A       0%          3
s - Spellforged Servitor  Conj/Summ      34%        N/A       7%          7
B - Blink                 Tloc           56%        N/A       4%          2
S - Sublimation of Blood  Necr           56%        N/A       1%          2

Your spell library contained the following spells:

 Spells                   Type           Power      Damage    Failure   Level
 Shatter                  Erth           38%        3d30*     93%         9
 Ignition                 Fire           10%        3d5       100%        8
 Maxwell's Capacitive Co  Air            10%        ∞         100%        8
 Freeze                   Ice            100%       1d10      0%          1
 Magic Dart               Conj           100%       1d8       0%          1
 Searing Ray              Conj           100%       2d8       0%          2
 Frozen Ramparts          Ice            100%       1d16      0%          3
 Kiss of Death            Conj/Necr      100%       2d13      1%          1
 Necrotise                Necr           100%       1d9       1%          1
 Sting                    Conj/Alch      100%       1d9       1%          1
 Summon Small Mammal      Summ           100%       N/A       1%          1
 Call Imp                 Summ           100%       N/A       1%          2
 Ensorcelled Hibernation  Hex/Ice        100%       N/A       1%          2
 Mercury Vapours          Alch/Air       72%        N/A       1%          2
 Dazzling Flash           Conj/Hex       100%       N/A       1%          3
 Fugue of the Fallen      Necr           56%        N/A       1%          3
 Mephitic Cloud           Conj/Alch/Air  53%        N/A       1%          3
 Passwall                 Erth           76%        N/A       1%          3
 Stone Arrow              Conj/Erth      100%       3d13      1%          3
 Summon Ice Beast         Ice/Summ       75%        N/A       1%          3
 Vampiric Draining        Necr           56%        2d10      1%          3
 Brom's Barrelling Bould  Conj/Erth      76%        2d9       1%          4
 Dispel Undead            Necr           56%        3d20      1%          4
 Flame Wave               Conj/Fire      55%        2d13      1%          4
 Iskenderun's Mystic Bla  Conj/Tloc      57%        2d12      1%          4
 Martyr's Knell           Necr/Summ      59%        N/A       1%          4
 Olgreb's Toxic Radiance  Alch           50%        N/A       1%          4
 Petrify                  Alch/Erth      64%        N/A       1%          4
 Borgnjor's Vile Clutch   Necr/Erth      33%        N/A       1%          5
 Fireball                 Conj/Fire      27%        3d12      1%          5
 Irradiate                Conj/Alch      32%        3d22      1%          5
 Iskenderun's Battlesphe  Conj           76%        2d12      1%          5
 Lee's Rapid Deconstruct  Erth           38%        3d19*     1%          5
 Apportation              Tloc           56%        N/A       2%          1
 Scorch                   Fire           42%        2d6       2%          2
 Curse of Agony           Necr           56%        N/A       5%          5
 Summon Lightning Spire   Summ/Air       45%        N/A       7%          4
 Jinxbite                 Hex            42%        N/A       8%          2
 Gell's Gravitas          Tloc           28%        N/A       9%          3
 Teleport Other           Tloc           28%        N/A       9%          3
 Anguish                  Hex/Necr       20%        N/A       10%         4
 Conjure Ball Lightning   Conj/Air       27%        3x3d8     11%         6
 Alistair's Intoxication  Alch           33%        N/A       12%         5
 Summon Cactus Giant      Summ           31%        N/A       13%         6
 Confusing Touch          Hex            21%        N/A       16%         3
 Sigil of Binding         Hex            21%        N/A       16%         3
 Swiftness                Air            21%        N/A       16%         3
 Tukima's Dance           Hex            21%        N/A       16%         3
 Eringya's Noxious Bog    Alch           25%        4d6       17%         6
 Lehudib's Crystal Spear  Conj/Erth      38%        10d9      19%         8
 Manifold Assault         Tloc           28%        N/A       28%         4
 Death Channel            Necr           28%        N/A       30%         6
 Dimensional Bullseye     Hex/Tloc       12%        N/A       36%         4
 Cause Fear               Hex            10%        N/A       45%         4
 Summon Hydra             Summ           31%        N/A       58%         7
 Haunt                    Necr/Summ      29%        N/A       73%         7
 Silence                  Hex/Air        10%        N/A       82%         5
 Dispersal                Tloc           14%        N/A       99%         6
 Enfeeble                 Hex            10%        N/A       100%        7
 Borgnjor's Revivificati  Necr           28%        N/A       100%        8
 Discord                  Hex            10%        N/A       100%        8
 Disjunction              Tloc           14%        N/A       100%        8
 Death's Door             Necr           28%        N/A       100%        9
 Dragon's Call            Summ           31%        N/A       100%        9
 Animate Armour           Summ/Erth      Unusable   N/A       N/A         4

Dungeon Overview and Level Annotations

Branches:
Dungeon (15/15)            Temple (1/1) D:6            Lair (5/5) D:9
  Swamp (4/4) Lair:3        Snake (4/4) Lair:2        Slime (0/5) Lair:4
    Orc (2/2) D:11            Elf (3/3) Orc:2        Vaults (4/5) D:14
  Crypt (0/3) Vaults:3     Depths (3/4) D:15        Ossuary (visited)
 Bailey (visited)          WizLab (visited)

Altars:
Ashenzari
Cheibriados
Dithmenos
Elyvilon
Fedhas
Gozag
Hepliaklqana
Kikubaaqudgha
Makhleb
Nemelex Xobeh
Okawaru
Qazlal
Ru
Sif Muna
Trog
Uskayaw
Vehumet
Wu Jian
Xom
Yredelemnul
Zin
The Shining One
Beogh
Jiyva

Shops:
D:13 *   D:14 [   D:15 ?   Orc:2 !*:?:   Elf:1 !   Elf:3 [   Snake:1 :
Snake:4 *(   Vaults:1 *   Vaults:2 :   Vaults:4 [([:

Portals:
Hell: Depths:1 Depths:2
Abyss: Depths:1
Pandemonium: Depths:1 Depths:2


Innate Abilities, Weirdness & Mutations

You can breathe waves of cold which freeze foes solid.
Your icy white scales are hard. (AC +12)
You cannot fit into any form of body armour.
Your flesh is cold resistant. (rC+)
You are cold-blooded and may be slowed by cold attacks.
You have very sharp teeth.
You are agile. (Dex +4, Str/Int -1)
You are strong-willed. (Will+)


Message History

You bite the shadow dragon, but do no damage.
The shadow dragon is severely wounded.
The shadow dragon bites you but does no damage.
The shadow dragon closely misses you. The shadow dragon claws you.
You hit the shadow dragon.
The shadow dragon is poisoned.
Your tail-slap misses the shadow dragon.
The shadow dragon is severely wounded.
The shadow dragon breathes negative energy at you.
The bolt of negative energy hits you!!
You feel drained.
* * * LOW HITPOINT WARNING * * *
You block the shadow dragon's attack.
The shadow dragon claws you but does no damage.
The shadow dragon misses you.
You hit the shadow dragon.
The shadow dragon is severely wounded.
The shadow dragon breathes negative energy at you.
The bolt of negative energy misses you.
You hit the shadow dragon but do no damage.
The shadow dragon is severely wounded.
The shadow dragon bites you!
* * * LOW HITPOINT WARNING * * *
The shadow dragon claws you!
* * * LOW HITPOINT WARNING * * *
The shadow dragon claws you!
* * * LOW HITPOINT WARNING * * *
The shadow dragon bites you.
* * * LOW HITPOINT WARNING * * *
You feel drained.
* * * LOW HITPOINT WARNING * * *
The shadow dragon barely misses you. The shadow dragon claws you!
* * * LOW HITPOINT WARNING * * *
Unknown command.
Read: scroll of summoning {!r}
Press: ? - help, Q - select action, (/) - cycle Dir - look around, f - activate Look: a shadow dragon (severely wounded, soul bound, very poisoned)
As you read the scroll of summoning {!r}, it crumbles to dust.
Wisps of shadow whirl around you...
The shadow dragon breathes negative energy at you.
The bolt of negative energy hits you!!
You feel drained.
You die...

#.#######.............÷.......
#.......#.#######.#.........#.
#######.#.# #.#..#...##.##
#.#.#######.####.####...
#.#.......#.........####
#.#.......###..##.......
#.#....u....[.###....###
#.#.u...C..[...........#
#.#u...@D.[######....#.#
#.##.u.u†u.#### #.......
#.##...u......# #.......
#.##....u..##.# #.....##
#.##..u..†.##.# #.....#.
#.##.......##.###.....#.
#.########.##..##.)...#. #.#
#[###..#.....#. #.#
#.#..........#.


You could see a shadow dragon (soul bound, very poisoned, catching breath, ally
target), 2 friendly very ugly things, 7 friendly ugly things and a friendly
ettin (summoned).

Vanquished Creatures
  A dread lich (Zig:2)
  A Killer Klown (Zig:4)
  Bai Suzhen (Snake:3)
  Vashnia (Snake:2)
  A quicksilver dragon (WizLab)
  A lich (Depths:2)
  A hellephant (Zig:3)
  Rupert (D:14)
  Jorgrun (Swamp:1)
  2 deep elf master archers (Elf:3)
  2 deep elf blademasters (Elf:2)
  2 sphinxes
  5 tentacled starspawn
  3 thorn hunters
  The ghost of Qalyanuh the Marksgoblin, an adept CoHu of Dithmenos (D:14)
  Aizul (Snake:2)
  A tengu reaver (Vaults:1)
  3 fenstrider witches
  A storm dragon (Depths:2)
  8 fire giants (Depths:2)
  5 nagarajas
  A balrug (Zig:3)
  The ghost of t4s4d4r the Fighter, a journeyman CoFi of Jiyva (Orc:2)
  3 deep elf sorcerers
  An iron dragon (Vaults:2)
  7 frost giants (Depths:2)
  A cacodemon (WizLab)
  A draconian stormcaller (Zig:7)
  2 reapers
  5 vault wardens
  2 spriggan defenders (Depths:2)
  3 deep elf elementalists
  5 orc warlords
  An angel (Vaults:2)
  12 ironbound preservers
  10 ironbound thunderhulks
  The ghost of Pionit the Thaumaturge, a journeyman GrEE of Vehumet (D:15)
  3 formless jellyfish
  12 stone giants
  7 deep elf demonologists
  15 very ugly things
  A green draconian (Zig:7)
  3 bunyips
  10 deep elf annihilators
  4 eleionomae
  A yellow draconian (Zig:7)
  3 black draconians (Zig:7)
  A purple draconian (Zig:7)
  5 dire elephants
  2 war gargoyles
  8 deep elf death magi
  A white draconian (Zig:7)
  3 crystal guardians
  An ettin (Depths:2)
  6 fire dragons
  An entropy weaver (Vaults:3)
  3 shambling mangroves
  7 great orbs of eyes
  5 deep elf high priests
  7 vault guards
  6 yaktaur captains
  3 ice dragons (Depths:2)
  4 peacekeepers
  A spriggan air mage (Depths:2)
  6 salamander tyrants (Snake:4)
  21 hydras
  7 anacondas
  9 ironbound frosthearts
  An ogre mage (Orc:2)
  3 alligators
  5 boulder beetles
  19 dancing weapons
  A death knight (D:14)
  2 two-headed ogres
  2 vampire magi
  5 centaur warriors
  2 deep troll shamans (Depths:2)
  A death yak (Lair:4)
  3 tengu warriors
  12 hell knights
  16 naga warriors
  2 spriggan berserkers
  18 naga sharpshooters
  3 orc high priests
  3 shock serpents
  6 skeletal warriors
  2 soul eaters (D:13)
  A shadow wraith (Zig:11)
  18 deep elf knights
  A skyshark (Lair:3)
  A fire crab (Lair:3)
  2 iron trolls
  A wretched star (WizLab)
  3 salamander mystics
  A fire crab (shapeshifter) (Elf:1)
  5 goliath frogs
  2 orange crystal statues
  A flayed ghost (Depths:2)
  A golden dragon zombie (Depths:2)
  A spatial maelstrom (Abyss:4)
  11 swamp dragons
  9 mana vipers
  4 glowing orange brains (WizLab)
  35 deep trolls
  8 naga ritualists
  4 spriggan druids
  10 arcanists
  8 bog bodies
  10 lindwurms
  A large abomination (Abyss:4)
  16 ironbound convokers
  7 deep elf archers
  5 thermic dynamos
  25 deep elf pyromancers
  28 deep elf zephyrmancers
  3 starcursed masses (WizLab)
  9 orc knights
  An obsidian bat (Orc:2)
  8 harpies (Vaults:1)
  5 necromancers
  7 cyclopes
  4 orc sorcerers
  28 ugly things
  An oklob plant (D:10)
  19 salamanders
  A manticore (D:15)
  4 will-o-the-wisps
  14 vault sentinels
  A fire giant skeleton (Depths:2)
  2 kobold blastminers
  2 apocalypse crabs (Zig:4)
  6 guardian serpents
  6 eyes of devastation (WizLab)
  46 black mambas
  19 naga magi
  An orange demon (D:10)
  A torpor snail (Lair:4)
  10 cane toads
  A rime drake (Lair:3)
  2 efreet
  A hellion (Zig:3)
  5 kobold demonologists
  21 yaktaurs
  2 freezing wraiths (D:13)
  An ice devil (D:13)
  An ancient zyme (Abyss:4)
  7 komodo dragons
  A tengu conjurer (Depths:2)
  A bloated husk (Swamp:3)
  A tarantella (shapeshifter) (Vaults:1)
  2 red devils (D:13)
  A polar bear (Lair:1)
  4 trolls
  A saltling (Orc:2)
  10 tyrant leeches
  19 hornets
  A nameless horror (Vaults:4)
  3 blink frogs (Lair:5)
  A raiju (Abyss:4)
  31 slime creatures
  A ynoxinul (Depths:1)
  A shadow (D:11)
  3 air elementals
  A vampire (D:14)
  A wraith (D:14)
  42 yaks
  15 spriggans
  2 wyverns
  3 fire elementals
  5 water elementals
  4 golden eyes
  3 steam dragons
  2 redbacks (Vaults:3)
  2 basilisks (D:13)
  7 neqoxecs
  11 vampire mosquitoes
  Menkaure (D:7)
  A glowing shapeshifter zombie (Vaults:3)
  A spatial vortex (Abyss:4)
  14 swamp worms
  3 acid dragons
  11 water moccasins
  53 nagas
  27 orc warriors
  15 swamp drakes
  3 black bears
  5 ice beasts
  4 laughing skulls
  An ettin simulacrum (Vaults:4)
  A sky beast (D:7)
  10 ogres
  A boggart (D:15)
  11 wolves
  10 centaurs
  A phantom (D:5)
  A kobold brigand (D:12)
  10 bullfrogs
  A scorpion (D:4)
  4 gnoll sergeants
  3 earth elementals
  A troll zombie (Ossuary)
  8 killer bees
  The ghost of QueenGoddess the Ducker, a weakling DjGl of Okawaru (D:3)
  5 howler monkeys
  7 electric eels
  A centaur zombie (D:3)
  A lava snake (Lair:3)
  3 bombardier beetles
  A bullfrog zombie (D:3)
  4 hounds
  15 orc priests
  2 jellies (D:6)
  5 iguanas
  14 orc wizards
  An ogre zombie (Ossuary)
  7 mummies (Ossuary)
  17 gnolls
  A howler monkey skeleton (D:3)
  11 adders
  A white imp (D:8)
  4 adder zombies (Ossuary)
  2 dart slugs
  4 ribbon worms
  54 orcs
  7 bats
  8 endoplasms
  2 giant cockroaches
  22 goblins
  13 hobgoblins
  3 quokkas
  8 ball pythons
  A frilled lizard (D:2)
  5 goblin zombies (Ossuary)
  3 hobgoblin zombies (Ossuary)
  20 kobolds
  A kobold zombie (Ossuary)
  2 orc zombies (Ossuary)
  2 quokka zombies (Ossuary)
  2 rats
  2 rat zombies (Ossuary)
  A spectral orc (D:3)
  4 starspawn tentacles (WizLab)
1476 creatures vanquished.

Vanquished Creatures (collateral kills)
  The ghost of Mafape the Warrior, a veteran OnGl of Okawaru (Depths:2)
  A moon troll (WizLab)
  2 tentacled starspawn (WizLab)
  A tengu reaver (Vaults:4)
  2 storm dragons
  A fire giant (Depths:2)
  7 frost giants
  A deep elf elementalist (Elf:3)
  2 vault wardens
  An angel (Vaults:2)
  A balrug (Depths:1)
  3 stone giants
  4 very ugly things
  A deep elf death mage (Elf:3)
  An eleionoma (Swamp:1)
  A war gargoyle (Vaults:4)
  4 dire elephants
  2 crystal guardians
  A rakshasa (Depths:1)
  A vault guard (Vaults:1)
  4 hydras
  2 ice dragons (Depths:2)
  A quicksilver dragon skeleton (Vaults:4)
  A catoblepas (Lair:4)
  A spriggan air mage (Depths:1)
  An ironbound frostheart (Vaults:1)
  A two-headed ogre (D:11)
  A sphinx zombie (Vaults:3)
  16 dancing weapons
  2 orc high priests
  A spriggan berserker (D:15)
  A naga sharpshooter (Snake:1)
  A deep troll shaman (Depths:1)
  A deep troll earth mage (Depths:1)
  Amaemon (D:10)
  A wretched star (WizLab)
  6 deep trolls
  An iron troll (Depths:1)
  A storm dragon skeleton (Vaults:4)
  An ironbound convoker (Vaults:3)
  2 thermic dynamos (Elf:1)
  2 lindwurms (Vaults:1)
  3 orc knights (Orc:2)
  4 harpies (Vaults:2)
  4 deep elf pyromancers (Elf:2)
  A necromancer (Depths:2)
  2 oklob plants (D:10)
  4 deep elf zephyrmancers
  17 ugly things
  Maurice (D:7)
  A cyclops (Orc:2)
  A human zombie (Vaults:3)
  A fire giant skeleton (Depths:2)
  A large abomination (Abyss:4)
  A vault sentinel (Vaults:4)
  3 black mambas
  12 cane toads
  6 komodo dragons
  A storm dragon simulacrum (Vaults:4)
  A yaktaur skeleton (Vaults:3)
  A troll (Orc:2)
  A hornet (Swamp:1)
  A polar bear (Lair:4)
  4 tyrant leeches (Lair:5)
  A hellwing (Abyss:4)
  15 blink frogs
  A saltling (Orc:2)
  A dream sheep (shapeshifter) (Elf:3)
  10 slime creatures
  An ettin skeleton (Abyss:2)
  26 yaks
  A spriggan skeleton (Depths:2)
  A water elemental (Depths:1)
  2 wargs (Orc:2)
  3 fire elementals (Elf:1)
  2 basilisks
  A neqoxec (Abyss:3)
  An elf skeleton (Vaults:4)
  5 vampire mosquitoes (Lair:5)
  A glowing shapeshifter zombie (Vaults:3)
  A redback (Vaults:3)
  2 swamp worms (Lair:3)
  8 water moccasins
  A black bear (D:9)
  4 orc warriors
  2 laughing skulls (Abyss:4)
  5 wolves
  2 human skeletons
  2 elf zombies
  7 bullfrogs
  A scorpion (D:9)
  4 wights
  A killer bee (D:8)
  7 electric eels
  3 centaur zombies (Ossuary)
  2 lava snakes (Lair:3)
  7 orc priests
  A jelly (D:5)
  4 orc wizards
  2 gnolls
  A white imp (D:7)
  An adder zombie (Ossuary)
  17 orcs
  A gnoll zombie (Ossuary)
  2 goblins (D:10)
  2 hobgoblin zombies (Ossuary)
  A kobold (Bailey)
  A rat zombie (Ossuary)
  A spectral weapon (Elf:2)
  2 starspawn tentacles (WizLab)
325 creatures vanquished.

Vanquished Creatures (others)
  A tentacled starspawn (Abyss:4)
  An ice dragon (Depths:2)
  A two-headed ogre (Orc:2)
  A sixfirhy (D:13)
  An orc knight (D:15)
  2 deep elf pyromancers (Elf:1)
  A bloated husk (Swamp:4)
  A small abomination (Abyss:4)
  4 foxfires
  17 starspawn tentacles
30 creatures vanquished.

Grand Total: 1831 creatures vanquished

Notes
Turn   | Place    | Note
-------+----------+-------------------------------------------
     0 | D:1      | Cloudthresher the Draconian Ice Elementalist began the
                  | quest for the Orb.
     0 | D:1      | Reached XP level 1. HP: 14/14 MP: 3/3
   147 | D:1      | Reached XP level 2. HP: 22/22 MP: 0/5
   420 | D:1      | Reached skill level 1 in Fighting
   678 | D:1      | Reached XP level 3. HP: 5/28 MP: 0/6
   775 | D:1      | Learned a level 3 spell: Frozen Ramparts
   954 | D:2      | Reached XP level 4. HP: 31/35 MP: 0/7
  1868 | D:3      | Found a runed translucent gate.
  1868 | D:3      | Found a runed translucent gate.
  1868 | D:3      | Found a runed translucent gate.
  1869 | D:3      | Noticed QueenGoddess's ghost (weakling DjGl)
  2063 | D:3      | Reached skill level 2 in Fighting
  2275 | D:3      | Found a hazy altar of Hepliaklqana.
  2334 | D:3      | Identified the +3 hand axe of Bih Huipli {venom, ^Fragile
                  | Str+2 Int+3}
  2671 | D:3      | Reached XP level 5. HP: 41/41 MP: 7/9
  2699 | D:3      | Found a faded altar of an unknown god.
  3071 | D:4      | Identified the +6 long sword of Destruction {holy, ^Contam
                  | rC+ Dex+3 Stlth+}
  3151 | D:4      | Noticed a black bear
  3160 | D:4      | Killed a black bear
  3210 | D:4      | Reached skill level 5 in Ice Magic
  3210 | D:4      | Reached XP level 6. HP: 40/50 MP: 2/10
  3463 | D:4      | Found a white marble altar of Elyvilon.
  3820 | D:4      | Reached skill level 3 in Fighting
  4039 | D:4      | Found a shadowy altar of Dithmenos.
  4068 | D:5      | Entered Level 5 of the Dungeon
  4117 | D:5      | Noticed an ice beast
  4129 | D:5      | Killed an ice beast
  4130 | D:5      | Your scales start taking on an icy white colour.
  4130 | D:5      | Reached XP level 7. HP: 16/57 MP: 10/12
  4130 | D:5      | Gained mutation: Your flesh is cold resistant. (rC+) [White
                  | Draconian growth]
  4363 | D:5      | Noticed a steam dragon
  4401 | D:5      | Killed a steam dragon
  4402 | D:5      | Reached skill level 4 in Fighting
  4568 | D:5      | Reached XP level 8. HP: 67/67 MP: 8/14
  4667 | D:5      | Found a sand-covered staircase.
  4672 | Ossuary  | Entered an ossuary
  4729 | Ossuary  | HP: 3/67 [troll zombie (9)]
  4925 | Ossuary  | Identified a scroll of acquirement
  4926 | Ossuary  | Acquired the +0 buckler "Rybec" {rCorr Str-5 Int+3}
  5022 | Ossuary  | Learned a level 3 spell: Summon Ice Beast
  5147 | Ossuary  | Reached skill level 1 in Shields
  7037 | D:6      | Reached skill level 5 in Fighting
  7044 | D:6      | Reached skill level 5 in Stealth
  7352 | D:6      | Reached skill level 5 in Spellcasting
  7449 | D:6      | Found a stormy altar of Qazlal.
  7479 | D:6      | Reached skill level 5 in Dodging
  7483 | D:6      | Reached XP level 9. HP: 62/74 MP: 12/16
  8008 | D:6      | Found a shimmering altar of Xom.
  8191 | D:6      | Found a staircase to the Ecumenical Temple.
  8241 | Temple   | Entered the Ecumenical Temple
  8246 | Temple   | Learned a level 3 spell: Ozocubu's Armour
  8253 | Temple   | Learned a level 6 spell: Sculpt Simulacrum
  8284 | Temple   | Became a worshipper of Vehumet
  8403 | D:7      | Noticed Maurice
  8420 | D:7      | Maurice stole the +6 long sword of Destruction {holy,
                  | ^Contam rC+ Dex+3 Stlth+}
  8424 | D:7      | Killed Maurice
  8425 | D:7      | Reached skill level 5 in Shields
  8766 | D:7      | Noticed Menkaure
  8778 | D:7      | Killed Menkaure
  8917 | D:7      | Reached skill level 5 in Alchemy
  8949 | D:7      | Reached * piety under Vehumet
  8949 | D:7      | Offered knowledge of Foxfire by Vehumet.
  9335 | D:7      | Found a bloodstained altar of Trog.
  9629 | D:8      | Reached XP level 10. HP: 81/81 MP: 7/19
 10529 | D:9      | Reached skill level 10 in Ice Magic
 10768 | D:9      | Noticed a centaur warrior
 10781 | D:9      | Offered knowledge of Momentum Strike by Vehumet.
 10782 | D:9      | Killed a centaur warrior
 10783 | D:9      | Reached ** piety under Vehumet
 11395 | D:9      | Identified the amulet "Yfeiptunn" {Reflect Dex+2 Slay+3
                  | SH+5}
 11501 | D:9      | Found a staircase to the Lair.
 11546 | D:10     | Entered Level 10 of the Dungeon
 11684 | D:10     | Found a sacrificial altar of Ru.
 11859 | D:10     | Reached XP level 11. HP: 86/86 MP: 10/20
 11939 | D:10     | Noticed Amaemon
 11944 | D:10     | Offered knowledge of Hailstorm by Vehumet.
 11961 | D:10     | Reached *** piety under Vehumet
 11985 | D:10     | Killed Amaemon
 12163 | D:10     | Found a flagged portal.
 12169 | Bailey   | Entered a bailey
 12174 | Bailey   | Noticed an orc warlord
 12200 | Bailey   | Offered knowledge of Mephitic Cloud by Vehumet.
 12204 | Bailey   | Noticed an orc knight
 12214 | Bailey   | Killed an orc knight
 12261 | Bailey   | Learned a level 3 spell: Mephitic Cloud
 12268 | Bailey   | Found a runed translucent gate.
 12284 | Bailey   | Found a runed translucent gate.
 12286 | Bailey   | Found a runed translucent gate.
 12490 | Bailey   | Killed an orc warlord
 12491 | Bailey   | Reached skill level 15 in Ice Magic
 12863 | D:10     | Noticed an oklob plant
 12867 | D:10     | Noticed an oklob plant
 12993 | D:10     | Noticed an oklob plant
 13592 | D:10     | Reached XP level 12. HP: 94/94 MP: 21/21
 13750 | D:10     | Reached skill level 1 in Conjurations
 13750 | D:10     | Reached skill level 1 in Earth Magic
 14030 | D:11     | Found the +8 trident of the Octopus King {venom, rElec
                  | rPois}
 14128 | D:11     | Reached skill level 1 in Summonings
 14142 | D:11     | Noticed a two-headed ogre
 14152 | D:11     | Killed a two-headed ogre
 14498 | D:11     | Reached **** piety under Vehumet
 14765 | D:11     | Offered knowledge of Airstrike by Vehumet.
 15048 | D:11     | Found a staircase to the Orcish Mines.
 15287 | Lair:1   | Entered Level 1 of the Lair of Beasts
 15312 | Lair:1   | Reached XP level 13. HP: 102/102 MP: 14/23
 15628 | Lair:1   | Found a frozen archway.
 15839 | Lair:1   | Found a shimmering altar of Xom.
 16198 | Lair:2   | Found a staircase to the Snake Pit.
 16606 | Lair:2   | Reached skill level 6 in Fighting
 17433 | Lair:3   | Found a glowing silver altar of Zin.
 17798 | Lair:3   | Reached ***** piety under Vehumet
 17798 | Lair:3   | Offered knowledge of Sticky Flame by Vehumet.
 18854 | Lair:3   | Identified the +2 pair of gloves of Vumigg {*Slow rC+ Will+
                  | SInv}
 18859 | Lair:3   | You fall into a shaft and drop 2 floors!
 18859 | Lair:5   | Entered Level 5 of the Lair of Beasts
 18926 | Lair:5   | Reached skill level 5 in Conjurations
 18936 | Lair:5   | Reached skill level 5 in Earth Magic
 18988 | Lair:5   | Reached skill level 5 in Summonings
 19570 | Lair:3   | Reached XP level 14. HP: 111/111 MP: 20/26
 19672 | Lair:3   | Reached skill level 7 in Fighting
 19786 | Lair:3   | Found a staircase to the Swamp.
 20566 | Lair:4   | Found a viscous altar of Jiyva.
 20567 | Lair:4   | Found a staircase to the Slime Pits.
 20672 | Lair:4   | Offered knowledge of Brom's Barrelling Boulder by Vehumet.
 23398 | Orc:1    | Entered Level 1 of the Orcish Mines
 23625 | Orc:2    | Entered Level 2 of the Orcish Mines
 24179 | Orc:2    | Found Jymuo's Distillery.
 24243 | Orc:2    | Found a runed translucent gate.
 24244 | Orc:2    | Found a runed translucent gate.
 24244 | Orc:2    | Found an opulent altar of Gozag.
 24245 | Orc:2    | Found a runed translucent gate.
 24258 | Orc:1    | Offered knowledge of Freezing Cloud by Vehumet.
 24513 | Orc:2    | Noticed t4s4d4r's ghost (journeyman CoFi)
 24629 | Orc:2    | Found a staircase to the Elven Halls.
 24663 | Orc:2    | Reached skill level 8 in Fighting
 25045 | Orc:2    | Noticed an orc warlord
 25153 | Orc:1    | Learned a level 5 spell: Freezing Cloud
 25377 | Orc:2    | Found Sowk's Assorted Antiques.
 25383 | Orc:2    | Bought a metallic brown potion for 32 gold pieces
 25383 | Orc:2    | Bought a scroll of fear for 144 gold pieces
 25398 | Orc:2    | Found Gaalimu's Magic Scroll Shop.
 25406 | Orc:2    | Killed an orc warlord
 25407 | Orc:2    | Reached skill level 10 in Spellcasting
 25505 | Orc:2    | Found a roughly hewn altar of Beogh.
 25506 | Orc:2    | Found Vaifuck's Book Shop.
 25514 | Orc:2    | Bought a scroll of blinking for 105 gold pieces
 25514 | Orc:2    | Bought a scroll of fear for 56 gold pieces
 25526 | Orc:2    | Learned a level 7 spell: Spellforged Servitor
 25538 | Orc:2    | Found Aneluf's Book Boutique.
 26322 | D:12     | Reached XP level 15. HP: 123/123 MP: 23/29
 27069 | D:13     | Reached skill level 9 in Fighting
 27220 | D:13     | Found Ocwayvucid's Overcharged Wands.
 27334 | D:12     | Learned a level 6 spell: Bombard
 28838 | D:14     | Noticed Qalyanuh's ghost (adept CoHu)
 28838 | D:14     | Found a runed translucent door.
 28843 | D:14     | Found Xejabij's Antique Armour Emporium.
 29230 | D:14     | Found a hide-covered altar of Uskayaw.
 29532 | D:14     | Found a gate to the Vaults.
 29765 | D:14     | Noticed Rupert
 29774 | D:14     | Killed Rupert
 30003 | D:14     | Reached skill level 10 in Fighting
 30413 | D:15     | Entered Level 15 of the Dungeon
 30443 | D:15     | Offered knowledge of Orb of Destruction by Vehumet.
 30505 | D:15     | Found a shadowy altar of Dithmenos.
 30572 | D:15     | Found Jutyer's Magic Scroll Emporium.
 31017 | D:15     | Found a transporter.
 31117 | D:15     | Noticed a frost giant
 31118 | D:15     | Noticed a frost giant
 31118 | D:15     | Noticed Pionit's ghost (journeyman GrEE)
 31128 | D:15     | Reached skill level 10 in Dodging
 31271 | D:15     | Found a transporter.
 31527 | D:15     | Found a staircase to the Depths.
 32152 | D:3      | Killed QueenGoddess's ghost
 32405 | Orc:2    | Killed t4s4d4r's ghost
 32873 | Swamp:1  | Entered Level 1 of the Swamp
 33360 | Swamp:1  | Reached XP level 16. HP: 134/134 MP: 27/32
 33661 | Swamp:1  | Noticed Jorgrun
 33668 | Swamp:1  | Killed Jorgrun
 33815 | Swamp:1  | Noticed a thorn hunter
 33828 | Swamp:1  | Killed a thorn hunter
 34369 | Swamp:2  | Reached skill level 10 in Conjurations
 35098 | Swamp:3  | Reached ****** piety under Vehumet
 35929 | Snake:1  | Entered Level 1 of the Snake Pit
 36047 | Snake:1  | Offered knowledge of Permafrost Eruption by Vehumet.
 36448 | Snake:1  | Found Xovviot's Book Boutique.
 36457 | Snake:1  | Bought a manual of Fighting for 1120 gold pieces
 36464 | Snake:1  | Learned a level 6 spell: Permafrost Eruption
 36589 | Snake:1  | Reached skill level 10 in Summonings
 37641 | Snake:1  | Bought the Unrestrained Analects for 616 gold pieces
 37650 | Snake:1  | Learned a level 7 spell: Ozocubu's Refrigeration
 37979 | Snake:2  | Noticed Vashnia
 37989 | Snake:2  | Killed Vashnia
 39125 | Snake:2  | Reached XP level 17. HP: 140/140 MP: 15/34
 40142 | Snake:2  | Identified the serpent talisman of Sipted {rElec Will+}
 40142 | Snake:2  | Noticed Aizul
 40147 | Snake:2  | Killed Aizul
 41080 | Snake:3  | Noticed Bai Suzhen
 41524 | Snake:3  | Killed Bai Suzhen
 41596 | Snake:3  | Offered knowledge of Yara's Violent Unravelling by Vehumet.
 43143 | Snake:4  | Entered Level 4 of the Snake Pit
 44386 | Snake:4  | Reached skill level 11 in Fighting
 45014 | Snake:4  | Found Nit Fuon's Weapon Shoppe.
 45016 | Snake:4  | Found Hoboeff's Magic Scroll Emporium.
 45018 | Snake:4  | Found Janeimno's General Store.
 45024 | Snake:4  | Bought a scroll of amnesia for 64 gold pieces
 45026 | Snake:4  | Bought a potion of heal wounds for 50 gold pieces
 46147 | Snake:4  | Reached XP level 18. HP: 144/154 MP: 19/36
 46168 | Snake:4  | Reached skill level 12 in Fighting
 46337 | Snake:4  | Got a serpentine rune of Zot
 46824 | Swamp:4  | Entered Level 4 of the Swamp
 47361 | Swamp:4  | Offered knowledge of Eringya's Noxious Bog by Vehumet.
 48328 | Swamp:4  | Reached skill level 13 in Fighting
 48561 | Swamp:4  | Reached skill level 10 in Earth Magic
 48682 | Swamp:4  | Got a decaying rune of Zot
 49496 | D:14     | Killed Qalyanuh's ghost
 49697 | D:15     | Killed Pionit's ghost
 49713 | D:15     | Reached skill level 15 in Spellcasting
 50084 | Elf:1    | Entered Level 1 of the Elven Halls
 50269 | Elf:1    | Found Wizaitir's Distillery.
 50275 | Elf:1    | Bought a potion of heal wounds for 60 gold pieces
 50566 | Elf:1    | Reached skill level 14 in Fighting
 52115 | Elf:1    | Found a shimmering blue altar of Sif Muna.
 52119 | Elf:1    | Got the Disquisition on Support
 52265 | Elf:2    | Reached skill level 15 in Fighting
 52864 | Elf:2    | Learned a level 2 spell: Sublimation of Blood
 52898 | Elf:2    | Reached skill level 1 in Necromancy
 53111 | Elf:2    | Reached XP level 19. HP: 170/170 MP: 17/38
 53638 | Elf:2    | Found a runed translucent gate.
 53639 | Elf:2    | Found a runed translucent gate.
 53639 | Elf:2    | Found a runed translucent gate.
 55138 | Elf:2    | Reached skill level 16 in Fighting
 55938 | Elf:3    | Entered Level 3 of the Elven Halls
 56152 | Elf:3    | Reached skill level 5 in Necromancy
 56286 | Abyss:2  | Cast into level 2 of the Abyss (a deep elf demonologist)
 56359 | Elf:2    | Escaped the Abyss
 56672 | Elf:3    | Found Maguma Unnunt's Armour Shop.
 56833 | Abyss:3  | Found a corrupted altar of Lugonu.
 56833 | Abyss:3  | Cast into level 3 of the Abyss (a deep elf sorcerer)
 56866 | Abyss:3  | Found a corrupted altar of Lugonu.
 57083 | Abyss:4  | Gained mutation: You occasionally lose the ability to read
                  | scrolls when taking damage. [a neqoxec]
 57123 | Elf:3    | Escaped the Abyss
 58246 | Elf:3    | Offered knowledge of Shatter by Vehumet.
 58246 | Elf:3    | Offered knowledge of Ignition by Vehumet.
 58246 | Elf:3    | Offered knowledge of Maxwell's Capacitive Coupling by
                  | Vehumet.
 58581 | Elf:3    | Identified the +6 great mace of the Magi {freeze, rPois
                  | Int-2 Dex+3 SInv}
 58820 | Elf:3    | Reached skill level 17 in Fighting
 59250 | Elf:3    | Identified the amulet "Jigaajew" {Reflect Int+3 SH+5}
 59425 | Elf:3    | Identified the ring of Light {Fire rElec Int-4 Stlth+}
 59615 | Elf:3    | Identified the +0 leather armour "Dogipless" {rC+ Will+
                  | Str-2 Dex+2}
 59762 | Elf:3    | Reached XP level 20. HP: 112/176 MP: 3/40
 60316 | Elf:3    | Lost mutation: You occasionally lose the ability to read
                  | scrolls when taking damage. [potion of mutation]
 60316 | Elf:3    | Gained mutation: You expend magic power (3 MP) to
                  | strengthen your wands. [potion of mutation]
 60316 | Elf:3    | Gained mutation: Your muscles are strong. (Str +4, Int/Dex
                  | -1) [potion of mutation]
 60547 | D:11     | Acquired 980 gold pieces
 60599 | Orc:2    | Bought a scroll of teleportation for 42 gold pieces
 60599 | Orc:2    | Bought a scroll of teleportation for 42 gold pieces
 60840 | Snake:4  | Bought 3 scrolls of teleportation for 144 gold pieces
 60840 | Snake:4  | Bought a scroll of acquirement for 832 gold pieces
 60840 | Snake:4  | Bought a scroll of teleportation for 48 gold pieces
 60840 | Snake:4  | Bought a scroll of teleportation for 48 gold pieces
 60840 | Snake:4  | Bought a scroll of teleportation for 48 gold pieces
 60840 | Snake:4  | Acquired the amulet "Trusted Companion" {Spirit rF- rN+++
                  | Slay-6 SInv}
 61111 | Elf:1    | Bought 3 potions of might for 144 gold pieces
 61111 | Elf:1    | Bought a potion of berserk rage for 60 gold pieces
 61247 | D:15     | Bought a scroll of enchant weapon for 120 gold pieces
 61247 | D:15     | Bought a scroll of fear for 64 gold pieces
 61499 | Snake:4  | Bought a potion of cancellation for 80 gold pieces
 61705 | Orc:2    | Bought 2 potions of curing for 96 gold pieces
 61705 | Orc:2    | Bought a potion of invisibility for 128 gold pieces
 61705 | Orc:2    | Bought a potion of ambrosia for 128 gold pieces
 61705 | Orc:2    | Bought a potion of ambrosia for 128 gold pieces
 61796 | Vaults:1 | Entered Level 1 of the Vaults
 62031 | Vaults:1 | Found a magical portal.
 62040 | WizLab   | Entered Lehudib's Moon Base
 62181 | WizLab   | Gained mutation: Your magical capacity is low. (-10% MP) [a
                  | neqoxec]
 62657 | WizLab   | Reached skill level 18 in Fighting
 62884 | WizLab   | Found a transporter.
 63300 | WizLab   | Found a transporter.
 63345 | WizLab   | Gained mutation: You are dopey. (Int -2) [a cacodemon]
 63498 | WizLab   | Reached XP level 21. HP: 194/194 MP: 38/38
 64110 | WizLab   | Lost mutation: Your muscles are strong. (Str +4, Int/Dex
                  | -1) [potion of mutation]
 64110 | WizLab   | Lost mutation: You expend magic power (3 MP) to strengthen
                  | your wands. [potion of mutation]
 64110 | WizLab   | Lost mutation: You are dopey. (Int -2) [potion of mutation]
 64110 | WizLab   | Gained mutation: You do not regenerate when monsters are
                  | visible. [potion of mutation]
 64111 | WizLab   | Lost mutation: You do not regenerate when monsters are
                  | visible. [potion of mutation]
 64111 | WizLab   | Lost mutation: Your magical capacity is low. (-10% MP)
                  | [potion of mutation]
 64111 | WizLab   | Gained mutation: You are strong-willed. (Will+) [potion of
                  | mutation]
 64111 | WizLab   | Gained mutation: You have very sharp teeth. [potion of
                  | mutation]
 64111 | WizLab   | Gained mutation: You are agile. (Dex +4, Str/Int -1)
                  | [potion of mutation]
 64923 | Vaults:1 | Found Dokliu's General Store.
 65882 | Vaults:2 | Found Counk's Book Shop.
 65971 | Vaults:2 | Reached skill level 15 in Conjurations
 66049 | Vaults:2 | Found a glowing golden altar of the Shining One.
 66049 | Vaults:2 | Found a white marble altar of Elyvilon.
 66057 | Vaults:2 | Found a glowing silver altar of Zin.
 66057 | Vaults:2 | Found a crumbling gateway.
 66665 | Vaults:2 | Reached XP level 22. HP: 147/203 MP: 30/44
 67339 | Vaults:2 | Reached skill level 19 in Fighting
 68258 | Vaults:3 | Reached skill level 10 in Shields
 68673 | Vaults:3 | Reached skill level 20 in Fighting
 68997 | Vaults:3 | Found a staircase to the Crypt.
 68997 | Vaults:3 | Found an ancient bone altar of Kikubaaqudgha.
 68997 | Vaults:3 | Found a basalt altar of Yredelemnul.
 69808 | Vaults:4 | Found Dokliu's Antique Armour Shoppe.
 69814 | Vaults:4 | Bought an embroidered scarf for 344 gold pieces
 70313 | Vaults:4 | Found Daot's Weapon Boutique.
 70846 | Vaults:4 | Found Jehahec's Armour Shop.
 70859 | Vaults:4 | Found Otzock's Book Boutique.
 71916 | Depths:1 | Entered Level 1 of the Depths
 71992 | Depths:1 | Found a one-way gateway to a ziggurat.
 71993 | Depths:1 | Found a one-way gate to the infinite horrors of the Abyss.
 72027 | D:15     | Reached skill level 21 in Fighting
 72455 | D:15     | Reached XP level 23. HP: 155/220 MP: 10/45
 73384 | Depths:1 | Found a one-way gate leading to the halls of Pandemonium.
 73590 | Depths:1 | Found a gateway to Hell.
 74720 | Depths:2 | Found a transporter.
 74725 | Depths:2 | Identified the +0 great mace of Quatt {freeze, rElec}
 74725 | Depths:2 | Noticed Mafape's ghost (veteran OnGl)
 74726 | Depths:2 | Found a transporter.
 75041 | Depths:2 | Identified the +9 trident of Plague {venom, rPois rC++
                  | rCorr Dex-2}
 75276 | Depths:2 | Got the Reference Book on Brumal Damage
 75465 | Depths:2 | Reached skill level 22 in Fighting
 76056 | Depths:2 | Killed Mafape's ghost
 76243 | Depths:2 | Identified the amulet of the Coward {Faith +Blink rElec
                  | Dex+2}
 76347 | Zig:1    | Entered Level 1 of a ziggurat
 76373 | Zig:2    | Entered Level 2 of a ziggurat
 76376 | Zig:2    | Noticed a dread lich
 76383 | Zig:2    | Killed a dread lich
 76429 | Zig:3    | Entered Level 3 of a ziggurat
 76441 | Zig:3    | Reached skill level 15 in Earth Magic
 76492 | Zig:3    | Identified the +5 shortbow of the Wizarding King
                  | {antimagic, rF+ rC+ Int-2}
 76498 | Zig:4    | Entered Level 4 of a ziggurat
 76500 | Zig:4    | Found the +8 longbow "Zephyr" {speed, Dex+3 SInv}
 76501 | Zig:4    | Noticed a Killer Klown
 76521 | Zig:4    | Killed a Killer Klown
 76591 | Zig:4    | Acquired the +0 kite shield of Zuceomm {Regen+ Stlth+}
 76604 | Zig:4    | Identified the +1 great sword "Vorruo Jelyr" {freeze,
                  | +Blink Fly Int+4}
 76611 | Zig:5    | Entered Level 5 of a ziggurat
 76666 | Zig:5    | Identified the ring of Juesegy {rPois Will+ SInv}
 76670 | Zig:5    | Identified the staff of the Solstice {rC- rN+ Ice Earth}
 76671 | Zig:5    | Identified the staff of Vyneoppixo {*Corrode rF+ Str+10
                  | Stlth- Tloc Fire}
 76677 | Zig:6    | Entered Level 6 of a ziggurat
 76687 | Zig:6    | Noticed Lepsiph the pandemonium lord
 76693 | Zig:6    | Identified the +10 sling "Killer Bee's Foe" {drain, rPois
                  | Int-2 SInv Stlth+}
 76695 | Zig:7    | Entered Level 7 of a ziggurat
 76915 | Zig:7    | Identified the staff of the Shore {rN+ Int+2 Stlth+ Necro}
 76919 | Zig:7    | Reached XP level 24. HP: 233/233 MP: 45/45
 76928 | Zig:8    | Entered Level 8 of a ziggurat
 76960 | Zig:8    | Reached XP level 25. HP: 240/240 MP: 45/45
 76965 | Zig:8    | Identified the +2 arbalest of Shrieking Terror {antimagic,
                  | Dex+4}
 76966 | Zig:8    | Identified the ring "Xoyvyago" {rN++ AC+4 Dex-2}
 76969 | Zig:8    | Identified the ring "Houkh" {rF+ Str+3 Dex+6 Stlth+}
 76972 | Zig:9    | Entered Level 9 of a ziggurat
 76982 | Zig:9    | Noticed an ancient lich
 76990 | Zig:10   | Entered Level 10 of a ziggurat
 77199 | Zig:10   | Identified the +1 spear "Pexzes Bao" {venom, Will- rCorr
                  | Int+5}
 77210 | Zig:10   | Identified the +0 rapier of Izxoluum {protect, rElec Will+
                  | Dex+2}
 77224 | Zig:11   | Entered Level 11 of a ziggurat
 77235 | Zig:11   | Noticed an ancient lich
 77235 | Zig:11   | Noticed a dread lich
 77238 | Zig:11   | Noticed an ancient lich
 77245 | Zig:11   | HP: 11/225 [eidolon/bolt of negative energy (43)]
 77254 | Zig:11   | Identified the ring "Tiseg" {rElec rC++ Str+6 Dex+5}
 77684 | Depths:2 | Learned a level 2 spell: Blink
 77690 | Depths:3 | Reached skill level 1 in Translocations
 77705 | Depths:2 | Killed from afar by a shadow dragon

Illustrated notes

Levels and vault maps discovered:
D:1:      ebering_trefoil_twist, layout_rooms
D:2:      minmay_recursive_quarters, layout_rooms, minmay_circle_x
D:3:      layout_basic, nicolae_hepliaklqana_monster_ancestors,
          dilly_ecumenical_altar_fadedgnrine, gammafunk_ghost_necromancy
D:4:      layout_basic, mainiacjoe_overflow_swirl, mrwooster_statue_mirror
D:5:      layout_basic, enter_ossuary_5, serial_corexii_hall,
          chequers_hall_statues_corner_a, corexii_hall_statues_i, st_stairs_10
D:6:      layout_loops_ring, kennysheep_mini, marbit_many_paths,
          minmay_temple_entry_fiery, grunt_decor_cap
D:7:      layout_loops_ring, kennysheep_mini_moat,
          minmay_fractal_squares_diagonal_5, uniq_maurice, uniq_menkaure
D:8:      layout_loops_cross
D:9:      wander_river, layout_rooms, grunt_lair_entry_orc_guard_hut,
          minmay_door_square, lemuel_flamethrower_1
D:10:     layout_roguey, hangedman_ru_absence, enter_bailey_3,
          grunt_ministairs_15, minmay_gold_behind_fungi, disabler_island,
          uniq_amaemon
D:11:     layout_basic, orc_0_dummy
D:12:     layout_irregular_city, fountainhead, kennysheep_generic_room_8
D:13:     layout_roguey, serial_demonic, serial_demonic_b, serial_demonic_c,
          serial_demonic_e, serial_demonic_f, nicolae_shop_overcharged_wands
D:14:     layout_irregular_city, david_vaults_5, serial_shops, shop,
          hellmonk_ghost_happy_afterlife, nicolae_uskayaw_dance_hall,
          gauntlet_entry_generic, uniq_rupert
D:15:     hangedman_depths_entry_try_elsewhere_first, layout_cave_pods,
          serial_shops, shop, gammafunk_ghost_arena, patterned_corridor,
          nicolae_dithmenos_through_a_glass_darkly
Temple:   bh_familiar_temple
Lair:1:   layout_regular_city, portal_ice_cave_entry_pillars_1, basic_altar,
          infiniplex_staircase_pool_2
Lair:2:   layout_gridlike, dummy_snake_entry, serial_bayou_shore_b,
          serial_bayou_shore_a
Lair:3:   nzn_winding_woodlands_three_and_one [nzn_winding_woodlands_5x15_twine,
          nzn_winding_woodlands_5x15_parted, nzn_winding_woodlands_5x15_crooked,
          nzn_winding_woodlands_center_diamonds], layout_loops_ring,
          palyth_hydra_swamp_entry, basic_altar, nicolae_lair_liquid_snakes,
          infiniplex_staircase_pool
Lair:4:   layout_regular_city, slime_entry_1, nicolae_lair_yak_garden,
          grunt_megastairs_2
Lair:5:   minmay_lair_end_frog_pond, layout_cellular_growth
Swamp:1:  layout_basic_swamp, evilmike_swamp_ruin_house_4, uniq_jorgrun
Swamp:2:  layout_falls_marsh, nicolae_swamp_well_well_well
Swamp:3:  layout_basic_swamp, evilmike_swamp_ruin_rubble_1
Swamp:4:  swamp_basic_johnstein, layout_basic_swamp, swamp_pool_1_2
Snake:1:  layout_misc_corridors, serial_shops, shop, serial_bayou_shore_b
Snake:2:  layout_concentric_octagons, nicolae_triple_integral,
          grunt_megastairs_5, lemuel_fruit_tree, uniq_aizul, uniq_vashnia
Snake:3:  layout_chambers, nicolae_snake_omega, uniq_bai_suzhen
Snake:4:  minmay_snake_end_coiled, layout_cave_shapes, serial_bayou_shore_b,
          minmay_shop_star
Orc:1:    layout_caves
Orc:2:    hellmonk_orc_salted, layout_caves, serial_shops,
          nicolae_shop_hallway_plus, ebering_ghost_gozag
Elf:1:    eino_elf_arrival_customs, layout_geoelf_diagonals, serial_shops, shop,
          regret_index_elf_centigrade, serial_library_hellmonk_narrow_alcove,
          grunt_megastairs_3
Elf:2:    nicolae_elf_blades_crystal_corner, layout_onion_city,
          serial_library_hellmonk_small_corner
Elf:3:    grunt_elf_hall_diamonds, layout_rooms, serial_shops, shop,
          minivault_14, minmay_misc_feat_alley
Vaults:1: mu_enter_wizlab_5, ontoclasm_vaults_pinch, v_pattern_5,
          nicolae_vaults_network_barrier, nicolae_vaults_specimen_jars,
          nicolae_vaults_crenellated_ambush,
          nicolae_vaults_offset_grid_hallway_2, nicolae_vaults_house_1,
          vaults_mumra_hex, nicolae_vaults_offset_grid_hallway_4,
          hangedman_vaults_stream, nicolae_vaults_doubleplus_tesselated,
          hangedman_vaults_capsules, vaults_dpeg_ring,
          nicolae_vaults_layer_cake_slice, nicolae_vaults_swerve,
          layout_vaults_omnibox, serial_shops, nicolae_shop_statue_plus
Vaults:2: portal_desolation_entry_holy_temple, v_misc_24, v_misc_10, v_misc_17,
          vaults_standard_mumra_enter_the_diamond, v_misc_22, v_rooms_4,
          grunt_vaults_bifocal, v_pattern_3, hangedman_vaults_pinch, v_misc_26,
          nicolae_vaults_corridor_and_loot_room, layout_vaults_maze_bifur,
          serial_shops, shop
Vaults:3: nicolae_vaults_cornered_office, nicolae_vaults_trapezoid_2,
          nicolae_vaults_three_branches, nicolae_vaults_oval_intersection,
          nicolae_vaults_wine_cellar, nicolae_vaults_trapezoid_3,
          minmay_crypt_entry_necro_gods, layout_vaults_quadrants
Vaults:4: nicolae_vaults_tetromino_T_1, nicolae_vaults_rhombus_5,
          vaults_room_corners, nicolae_vaults_wrenched,
          nicolae_vaults_sealed_display, v_misc_33, nicolae_vaults_tangram_2,
          nicolae_vaults_taking_the_gang_shopping, nicolae_vaults_tetromino_T_1,
          layout_vaults_chaotic_city, serial_shops, shop, shop, shop
Depths:1: layout_cave_pools, enter_ziggurat_d, grunt_pan_entry_sceptre,
          abyss_entry, pf_dread_powers_of_hell, dpeg_stationary_puzzle
Depths:2: grunt_house_of_mirrors, layout_basic, gammafunk_ghost_smash,
          hell_entry, pan_entry, grunt_decor_arrowhead
Depths:3: nooodl_heptagram, layout_basic, grunt_hell_entry_dis_grunt,
          regret_index_abyss_entry_earlier_magic

Skill      XL: |  1  2  3  4  5  6  7  8  9 10 11 12 13 14 15 16 17 18 19 20 21 22 23 24 25 |
---------------+----------------------------------------------------------------------------+-----
Stealth        | 2 3 4 5 6 |  6.0
Dodging        | 2 3 4 5 6 7 10 12 13 14 | 14.5
Fighting       | 1 2 3 4 5 6 8 10 11 15 17 18 21 22 | 22.9
Spellcasting   | 3 4 5 6 8 10 12 13 14 15 16 17 18 | 18.0
Ice Magic      | 5 6 7 13 18 19 | 19.3
Shields        | 4 5 6 7 8 11 13 | 13.8
Alchemy        | 6 |  6.0
Conjurations   | 2 5 6 8 11 14 15 | 15.0
Earth Magic    | 2 5 6 8 12 13 15 | 15.0
Summonings     | 2 5 8 10 | 10.0
Necromancy     | 1 8 |  8.0
Translocations | 1 |  1.5

Action                     |  1- 3 |  4- 6 |  7- 9 | 10-12 | 13-15 | 16-18 | 19-21 | 22-24 | 25-27 || total
---------------------------+-------+-------+-------+-------+-------+-------+-------+-------+-------++-------
  Melee: Unarmed           |    32 |    20 |       |       |       |       |       |       |       ||    52
         Tailslap          |     3 |     5 |    21 |     2 |   101 |    34 |    25 |    42 |       ||   233
         Hand axe          |       |     9 |   127 |    56 |       |       |       |       |       ||   192
         Trident           |       |       |       |       |   579 |   206 |   134 |   160 |     5 ||  1084
         Bite              |       |       |       |       |       |       |     7 |    24 |     1 ||    32
   Cast: Freeze            |    34 |    85 |   151 |   163 |   128 |       |       |       |       ||   561
         Frozen Ramparts   |     3 |     6 |    33 |    36 |    13 |       |       |       |       ||    91
         Summon Ice Beast  |       |       |    30 |    37 |    93 |     3 |       |       |       ||   163
         Ozocubu's Armour  |       |       |     4 |    17 |    44 |     2 |       |       |       ||    67
         Mephitic Cloud    |       |       |       |     1 |       |       |       |       |       ||     1
         Sculpt Simulacrum |       |       |       |     1 |    96 |     1 |       |       |       ||    98
         Freezing Cloud    |       |       |       |       |    94 |   107 |    43 |    39 |     4 ||   287
         Bombard           |       |       |       |       |    33 |    78 |    72 |   197 |     8 ||   388
         Ozocubu's Refrige |       |       |       |       |       |   342 |   288 |   109 |     8 ||   747
         Permafrost Erupti |       |       |       |       |       |    44 |    53 |   139 |    19 ||   255
         Spellforged Servi |       |       |       |       |       |    10 |    47 |    44 |       ||   101
Ability: Glacial Breath    |       |       |       |     1 |     2 |     3 |     3 |       |       ||     9
  Evoke: Wand              |       |       |       |    15 |     6 |    13 |     9 |     9 |       ||    52
    Use: Scroll            |       |       |     7 |     9 |    17 |     4 |    15 |     9 |     6 ||    67
         Potion            |       |       |     1 |     1 |     2 |     4 |     7 |     6 |     5 ||    26
   Stab: Sleeping          |       |       |     4 |       |    11 |       |       |       |       ||    15
         Paralysed         |       |       |       |     5 |       |       |       |       |       ||     5
         Distracted        |       |       |       |       |     6 |     3 |     2 |     8 |       ||    19
         Petrified         |       |       |       |       |     3 |       |       |       |       ||     3
         Invisible         |       |       |       |       |       |     1 |       |       |       ||     1
 Armour: Skin              |    41 |    46 |   178 |   151 |   749 |   343 |   292 |   273 |    53 ||  2126
  Dodge: Dodged            |    46 |    54 |   136 |   118 |   544 |   246 |   156 |   239 |    17 ||  1556
  Block: Buckler           |       |       |    44 |   100 |   585 |   185 |   113 |   108 |       ||  1135
         Reflection        |       |       |       |     6 |    31 |    36 |    10 |       |       ||    83
         Kite shield       |       |       |       |       |       |       |       |     1 |    28 ||    29

Table legend: (Time is in decaauts)
 A = Elapsed time spent in this place.
 B = Non-inter-level travel time spent in this place.
 C = Inter-level travel time spent in this place.
 D = Time resting spent in this place.
 E = Time spent auto-exploring this place.
 F = Levels seen in this place.
 G = Mean time per level.
                   A        B        C        D        E       F      G
               +--------+--------+--------+--------+--------+-----+--------+
         Total |  78641 |  72085 |   6556 |  11357 |  50317 |  58 | 1355.9 |
       Dungeon |  22088 |  19549 |   2539 |   2656 |  14041 |  15 | 1472.5 |
        Temple |     64 |     12 |     52 |      0 |      0 |   1 |   64.0 |
          Lair |   8821 |   7825 |    996 |    850 |   5661 |   5 | 1764.2 |
         Swamp |   5740 |   5507 |    233 |    944 |   3992 |   4 | 1435.0 |
     Snake Pit |  11093 |  10383 |    710 |   1321 |   8004 |   4 | 2773.2 |
  Orcish Mines |   2926 |   2644 |    282 |    540 |   1614 |   2 | 1463.0 |
   Elven Halls |  10241 |   9581 |    660 |   3039 |   5542 |   3 | 3413.7 |
        Vaults |   7964 |   7355 |    609 |    256 |   6097 |   4 | 1991.0 |
        Depths |   4179 |   3708 |    471 |    825 |   2183 |   3 | 1393.0 |
         Abyss |    352 |    352 |      0 |    135 |      0 |   3 |  117.3 |
      Ziggurat |    888 |    888 |      0 |    258 |    412 |  11 |   80.7 |
       Ossuary |   1661 |   1661 |      0 |    209 |   1145 |   1 | 1661.0 |
        Bailey |    527 |    527 |      0 |    147 |    204 |   1 |  527.0 |
        Wizlab |   2092 |   2092 |      0 |    174 |   1419 |   1 | 2092.0 |
               +--------+--------+--------+--------+--------+-----+--------+

Top non-repeatable levels by time:
   Elf:2: 5345 daAuts
 Snake:3: 3187 daAuts
 Snake:4: 3069 daAuts
 Snake:2: 2867 daAuts
   Elf:1: 2740 daAuts
    D:15: 2690 daAuts
Depths:2: 2568 daAuts
 Swamp:4: 2355 daAuts
  Lair:5: 2352 daAuts
  Lair:3: 2223 daAuts
    D:13: 2204 daAuts
Vaults:2: 2194 daAuts
   Elf:3: 2155 daAuts
    D:10: 2133 daAuts
  WizLab: 2092 daAuts
